 Dungeon Crawl Stone Soup version 0.30.1-4-g462c640d31 (webtiles) character file.

Game seed: 14733553979049835379

30 croobank the Sneak (level 3, 0/26 HPs)
             Began as an Octopode Delver on Aug 16, 2023.
             Slain by a phantom (7 damage)
             ... on level 5 of the Dungeon.
             The game lasted 00:02:08 (90 turns).

croobank the Sneak (Octopode Delver)                  Turns: 90, Time: 00:02:09

Health: 0/26       AC:  1    Str: 11    XL:     3   Next: 18%
Magic:  3/3        EV: 13    Int: 14    God:
Gold:   24         SH:  0    Dex: 13    Spells: 2/2 levels left

rFire   . . .        a - +1 short sword
rCold   . . .        (no shield)
rNeg    . . .        (helmet restricted)
rPois   .            (no amulet)
rElec   .            (no ring)
rCorr   .            (no ring)
SInv    .            (no ring)
Will    .....        (no ring)
Stlth   ++++         (no ring)
HPRegen 0.24/turn    (no ring)
MPRegen 0.08/turn    (no ring)
                     (no ring)

%: no passive effects
@: hasted, very quick
A: almost no armour, amphibious, 8 rings, camouflage 1, gelatinous body 1,
(nimble swimmer 1), tentacles
a: no special abilities


You were on level 5 of the Dungeon.
You visited 1 branch of the dungeon, and saw 1 of its levels.

You collected 24 gold pieces.

Inventory:

Hand Weapons
 a - a +1 short sword (weapon)
Wands
 f - a wand of digging (3)
Scrolls
 c - a scroll of magic mapping


   Skills:
 + Level 3.3 Fighting
 + Level 2.4 Short Blades
 + Level 2.4 Dodging
 + Level 6.9 Stealth


You had 2 spell levels left.
You didn't know any spells.
Your spell library was empty.

Dungeon Overview and Level Annotations

Branches:
Dungeon (5/15)
 Temple: D:4-7

Altars:


Innate Abilities, Weirdness & Mutations

You cannot wear most types of armour.
You are amphibious.
You can wear up to eight rings at the same time.
Your skin changes colour to match your surroundings (Stealth+).
Your rubbery body absorbs attacks. (AC +1, EV +1)
((You are camouflaged when in or above water. (Stealth+)))
You have tentacles for arms and can constrict up to eight enemies at once.


Message History

You squeeze the kobold zombie!
You destroy the kobold zombie!
What are your orders? t - Shout!
Orders for allies: a - Attack new target. r - Retreat! s - Stop attacking. g - Guard the area. f - Follow me.
Anything else - Cancel.
Gang up on whom?
Press: ? - help, Dir - move target, f - phantom
Aim: a phantom
Okay, then.
As you read the scroll of fog, it crumbles to dust.
The scroll dissolves into smoke.
The phantom hits you.
* * * LOW HITPOINT WARNING * * *
The phantom blinks!
You blink.
You barely miss the phantom. You hit the phantom but do no damage.
You squeeze the phantom!
The phantom is moderately damaged.
The phantom barely misses you.
There is an open door here.
You close the door.
A phantom breaks down the door.
You aren't carrying any potions.
There is a broken door here.
Okay, then.
Aiming: Dig
Press: ? - help, Shift-Dir - straight line Digging in that direction won't affect any walls.
A stone wall.
Okay, then.
Unknown command.
You hit the phantom but do no damage.
The phantom is moderately damaged.
The phantom closely misses you.
You closely miss the phantom.
The phantom is moderately damaged.
You hit the phantom but do no damage. You squeeze the phantom.
The phantom is heavily damaged.
The phantom hits you!
You die...

.. ########..h.. #.
#............ #§
#...........#
#§###§..........
#§§§§§..........
###§§#......##.#
##.§##....†.##.######
#..###......##.##....
..=.....##@Wc.######.##....
#......#.###...#####.##....
####..# .. #...............
#..# ..c#.##....#.##....
#..# ....^.#....+..#....
##. ...#..#.[..#......) #
#..##..#....#.#..### #.#
#..#....#.##..# .# +.
.......###.#


You could see a phantom and a centaur.

Vanquished Creatures
  A hound (D:5)
  A kobold zombie (D:5)
2 creatures vanquished.

Notes
Turn   | Place    | Note
-------+----------+-------------------------------------------
     0 | D:5      | croobank the Octopode Delver began the quest for the Orb.
     0 | D:5      | Reached XP level 1. HP: 16/16 MP: 1/1
    50 | D:5      | Noticed a hound
    55 | D:5      | Killed a hound
    56 | D:5      | Reached XP level 2. HP: 20/21 MP: 2/2
    56 | D:5      | Reached XP level 3. HP: 24/26 MP: 3/3
    58 | D:5      | Noticed a phantom
    72 | D:5      | Noticed a centaur
    90 | D:5      | Slain by a phantom

Illustrated notes

Levels and vault maps discovered:
D:5:      minmay_chambers_of_threes, layout_basic, nicolae_ossuary_entry_giza,
          uniq_menkaure

Action                     || total
---------------------------++-------
  Melee: Short sword       ||    12
         Constrict         ||     2
         Tentacles         ||     4
    Use: Scroll            ||     3
         Potion            ||     1
   Stab: Sleeping          ||     1
 Armour: Skin              ||     2
  Dodge: Dodged            ||    13
